 Dungeon Crawl Stone Soup version 0.29-a0-598-gd8304a5bf4 (console) character file.

Game seed: 7361687337391443801

119 om the Cudgeller (level 4, 0/42 HPs)
             Began as a Troll Warper on June 15, 2022.
             Was an Initiate of Ashenzari.
             Slain by a quasit (1 damage)
             ... in a sewer.
             The game lasted 00:05:53 (1916 turns).

om the Cudgeller (Troll Warper)                     Turns: 1916, Time: 00:05:54

Health: 0/42       AC:  5    Str: 19    XL:     4   Next: 74%
Magic:  5/5        EV:  1    Int: 11    God:    Ashenzari [......]
Gold:   112        SH:  0    Dex: -18 (9) Spells: 4/6 levels left

rFire   . . .      SeeInvis .   a - +0 mace
rCold   . . .      Faith    .   (no shield)
rNeg    + . .      Spirit   .   b - +1 robe
rPois   .          Reflect  +   (helmet restricted)
rElec   .          Harm     .   (no cloak)
rCorr   +          Rampage  .   (gloves unavailable)
Will    .....                   (boots unavailable)
Stlth   ..........              r - amulet of reflection
HPRegen 0.94/turn               f - ring of resist corrosion
MPRegen 0.09/turn               o - ring of positive energy

@: slowed, lost dexterity, very slow
A: large, unfitting armour, claws 3, regeneration 1, shaggy fur 1, tough skin 1
a: Renounce Religion, Curse Item


You were in a sewer.
You worshipped Ashenzari.
Ashenzari was noncommittal.
You visited 1 branch of the dungeon, and saw 3 of its levels.
You also visited: Sewer.

You collected 112 gold pieces.

Inventory:

Hand Weapons
 a - a +0 mace (weapon)
Missiles
 d - 7 boomerangs of dispersal (quivered)
Armour
 b - a +1 robe (worn)
Magical Staves
 g - a staff of death
Jewellery
 f - a ring of resist corrosion (left claw)
 k - a ring of see invisible
 o - a ring of positive energy (right claw)
 r - an amulet of reflection (around neck)
Scrolls
 c - a scroll of blinking
 e - a scroll of enchant armour
Potions
 h - 2 potions of heal wounds
 j - a potion of magic
 m - a potion of ambrosia
 q - a potion of flight
 s - a potion of might


   Skills:
 + Level 2.2 Fighting
 * Level 3.1 Maces & Flails
 - Level 0.8 Throwing
 - Level 2.0 Dodging
 * Level 1.8 Spellcasting
 * Level 2.7 Translocations


You had 4 spell levels left.
You knew the following spells:

 Your Spells              Type           Power      Damage    Failure   Level
a - Blink                 Tloc           14%        N/A       14%         2

Your spell library contained the following spells:

 Spells                   Type           Power      Damage    Failure   Level
 Gell's Gravitas          Tloc           7%         N/A       28%         3
 Lesser Beckoning         Tloc           7%         N/A       28%         3
 Teleport Other           Tloc           7%         N/A       28%         3
 Manifold Assault         Tloc           7%         N/A       95%         5


Dungeon Overview and Level Annotations

Branches:
Dungeon (3/15)              Sewer (1/1)

Altars:
Ashenzari

Shops:
D:2 :

Annotations:
Sewer Grinder


Innate Abilities, Weirdness & Mutations

You are too large for most types of armour.
You have claws for hands.
Your natural rate of healing is unusually fast.
You are covered in fur. (AC +1)
You have tough skin. (AC +1)


Message History

You feel clumsy.
You hit the quasit. Your claw misses the quasit.
The quasit is lightly wounded.
The quasit bites you.
* * * LOW HITPOINT WARNING * * *
The quasit claws you but does no damage. x2
The quasit bites you but does no damage.
The quasit claws you but does no damage.
The quasit claws you.
* * * LOW HITPOINT WARNING * * *
You feel clumsy.
You sock the quasit!
The quasit is almost dead.
The quasit bites you but does no damage.
The quasit claws you.
* * * LOW HITPOINT WARNING * * *
The quasit claws you but does no damage.
The quasit bites you.
* * * LOW HITPOINT WARNING * * *
You feel clumsy.
The quasit claws you but does no damage. x2
The quasit bites you.
* * * LOW HITPOINT WARNING * * *
The quasit claws you.
* * * LOW HITPOINT WARNING * * *
The quasit claws you.
* * * LOW HITPOINT WARNING * * *
You miss the quasit.
The quasit is almost dead.
The ball python hisses angrily.
The quasit bites you but does no damage.
The quasit claws you.
* * * LOW HITPOINT WARNING * * *
You feel clumsy. The quasit claws you.
* * * LOW HITPOINT WARNING * * *
The quasit bites you but does no damage.
The quasit claws you but does no damage.
The quasit claws you.
You die...

########## #########
#≈≈≈≈≈≈≈≈≈ ≈≈≈≈≈≈≈#.
#≈≈.≈.≈≈≈≈ ≈≈≈≈≈≈≈≈.
#≈..≈≈≈≈≈≈ ≈≈≈≈≈≈≈#.
##≈##################.
#≈KK5.≈≈≈≈≈≈≈≈≈≈≈≈≈≈#.
#≈≈)#@≈≈≈≈≈≈≈≈≈≈≈≈≈≈#.
#≈5K#.≈≈≈≈≈≈≈≈≈≈≈≈≈≈#.
#≈KK#..≈≈≈≈≈≈≈≈≈≈≈≈≈#.
#≈K5#..≈≈≈≈≈≈≈≈≈≈≈≈≈#.
#≈K5#...≈≈≈≈≈≈≈≈≈≈≈ #.
##K####.#≈###≈≈#≈####.
#...#≈≈.....).......#.
S._K§.)...≈≈≈≈...)).........
§...K5#...#≈≈.............#.
..§.5###.####.###≈##≈##≈####
..... #≈≈.#...≈≈≈≈≈≈≈≈≈≈≈≈≈.


You could see a kobold brigand, a quasit and a kobold.

Vanquished Creatures
  A quasit (Sewer)
  2 adders (D:2)
  2 ufetubi (Sewer)
  An adder zombie (Sewer)
  A worm (D:2)
  A dart slug (D:2)
  An orc (D:3)
  2 ball pythons
  A bat (D:1)
  6 endoplasms
  3 giant cockroaches
  2 goblins (D:2)
  A hobgoblin (D:2)
  5 quokkas
  13 kobolds
  2 rats (D:2)
44 creatures vanquished.

Vanquished Creatures (collateral kills)
  A kobold (Sewer)
1 creature vanquished.

Vanquished Creatures (others)
  A bat zombie (Sewer)
  A kobold zombie (Sewer)
2 creatures vanquished.

Grand Total: 47 creatures vanquished

Notes
Turn   | Place    | Note
-------+----------+-------------------------------------------
     0 | D:1      | om the Troll Warper began the quest for the Orb.
     0 | D:1      | Reached XP level 1. HP: 19/19 MP: 1/1
   213 | D:1      | Reached skill level 2 in Maces & Flails
   416 | D:1      | Reached XP level 2. HP: 23/28 MP: 3/3
  1005 | D:2      | Found a faded altar of an unknown god.
  1021 | D:2      | Prayed at the altar of an unknown god.
  1021 | D:2      | Became a worshipper of Ashenzari the Shackled
  1072 | D:2      | Reached XP level 3. HP: 28/35 MP: 4/4
  1347 | D:2      | Found Okiblut's Book Boutique.
  1661 | D:3      | Found a glowing drain.
  1702 | Sewer    | Entered a sewer
  1737 | Sewer    | Reached XP level 4. HP: 41/42 MP: 5/5
  1749 | Sewer    | Learned a level 2 spell: Blink
  1847 | Sewer    | Found a burning altar of Makhleb.
  1857 | Sewer    | Noticed Grinder
  1860 | Sewer    | Noticed a kobold brigand
  1888 | Sewer    | Lost dexterity.
  1891 | Sewer    | Reached skill level 3 in Maces & Flails
  1915 | Sewer    | HP: 2/42 [quasit (1)]
  1916 | Sewer    | Slain by a quasit

Illustrated notes

Levels and vault maps discovered:
D:1:      dpeg_arrival_round_c, layout_basic, due_unseen_surprise
D:2:      layout_basic, ebering_ecumenical_altar_box, serial_shops, shop
D:3:      layout_basic, nicolae_sif_muna_condensation, portal_sewer_entry_f,
          uniq_ijyb
Sewer:    kennysheep_sewer_church

Skill      XL: |  1  2  3  4 |
---------------+-------------+-----
Dodging        | 2 |  2.0
Maces & Flails | 2 3 |  3.1
Fighting       | 2 |  2.2
Throwing       | |  0.8
Spellcasting   | |  1.8
Translocations | |  2.7

Action                   |  1- 3 |  4- 6 || total
-------------------------+-------+-------++-------
Melee: Mace              |   161 |    83 ||   244
       Punch             |     2 |     1 ||     3
  Use: Potion            |     1 |       ||     1
       Scroll            |     8 |     1 ||     9
Armor: Robe              |    74 |   212 ||   286
Dodge: Dodged            |    97 |    78 ||   175
Block: Other             |    19 |    32 ||    51

Table legend: (Time is in decaauts)
 A = Elapsed time spent in this place.
 B = Non-inter-level travel time spent in this place.
 C = Inter-level travel time spent in this place.
 D = Time resting spent in this place.
 E = Time spent auto-exploring this place.
 F = Levels seen in this place.
 G = Mean time per level.
                   A        B        C        D        E       F      G
               +--------+--------+--------+--------+--------+-----+--------+
         Total |   2001 |   1900 |    101 |     17 |   1310 |   4 |  500.2 |
       Dungeon |   1742 |   1641 |    101 |     17 |   1241 |   3 |  580.7 |
         Sewer |    259 |    259 |      0 |      0 |     69 |   1 |  259.0 |
               +--------+--------+--------+--------+--------+-----+--------+

Top non-repeatable levels by time:
     D:1: 954 daAuts
     D:2: 624 daAuts
   Sewer: 259 daAuts
     D:3: 162 daAuts
